 Dungeon Crawl Stone Soup version 0.31-a0-182-gc5ef74bbde (webtiles) character file.

Game seed: 18240030603053417319

13226 qw the Cleaver (level 12, -1/73 HPs)
             Began as a Gargoyle Fighter on June 21, 2023.
             Was a High Priest of Okawaru.
             Killed from afar by a bog body (14 damage)
             ... with a bolt of cold
             ... on level 2 of the Lair of Beasts.
             The game lasted 00:04:52 (10732 turns).

qw the Cleaver (Gargoyle Fighter)                  Turns: 10732, Time: 00:04:53

Health: -1/73      AC: 34    Str: 29    XL:     12   Next: 3%
Magic:  17/19      EV:  9    Int: 11    God:    Okawaru [*****.]
Gold:   663        SH: 12    Dex:  9    Spells: 11/11 levels left

rFire   + . .        Y - +2 war axe
rCold   . . .        m - +0 kite shield
rNeg    + + .        a - +0 plate armour
rPois   inf          c - +0 hat of Sudem {rPois rF+ SInv}
rElec   +            u - scarf "Qeunipon" {shadows, rN+ rCorr}
rCorr   +            h - +2 pair of gloves
SInv    +            k - +1 pair of boots
Will    .....        i - amulet of faith Stlth
                     y - +6 ring of strength
HPRegen 0.32/turn    p - +4 ring of protection
MPRegen 0.16/turn

%: faith
@: about to teleport, heroic
A: sickness immunity, AC +8, negative energy resistance 1, electricity
resistance, torment resistance 1, petrification resistance
a: Renounce Religion, Heroism, Finesse, Duel


You were on level 2 of the Lair of Beasts.
You worshipped Okawaru.
Okawaru was extremely pleased with you.
You visited 3 branches of the dungeon, and saw 12 of its levels.

You collected 663 gold pieces.


Innate Abilities, Weirdness & Mutations

You are immune to sickness and miasma.
Your stone body is resilient. (AC +8)
You are immune to poison.
You resist negative energy. (rN+)
You are resistant to electric shocks. (rElec)
You are resistant to unholy torment.
You are immune to petrification.


   Skills:
 - Level 8.0(13.0) Fighting
 + Level 10.7(15.7) Axes
 - Level 3.0(8.0) Throwing
 - Level 7.0(12.0) Armour
 - Level 1.2(6.2) Dodging
 - Level 9.0(14.0) Shields
 - Level 10.0 Invocations


You had 11 spell levels left.
You didn't know any spells.
Your spell library was empty.

Inventory:

Hand Weapons
 o - a +3 flail
 Y - a +2 war axe (weapon)
Missiles
 l - 2 javelins
 w - 7 boomerangs (quivered)
Armour
 a - a +0 plate armour (worn)
 c - the +0 hat of Sudem (worn) {rPois rF+ SInv}
   (You acquired it on level 4 of the Dungeon)

   rF:        It protects you from fire.
   rPois:     It protects you from poison.
   SInv:      It lets you see invisible.
 h - a +2 pair of gloves (worn)
 k - a +1 pair of boots (worn)
 m - a +0 kite shield (worn)
 u - the scarf "Qeunipon" (worn) {shadows, rN+ rCorr}
   (Okawaru gifted it to you on level 1 of the Lair of Beasts)

   rN:        It protects you from negative energy.
   rCorr:     It protects you from acid and corrosion.
Jewellery
 i - an amulet of faith (around neck)
 p - a +4 ring of protection (right hand)
 q - an amulet of guardian spirit
 v - a ring of resist corrosion
 y - a +6 ring of strength (left hand)
 A - a ring of fire
 B - a ring of protection from fire
 C - an amulet of regeneration
 D - a ring of see invisible
Wands
 n - a wand of digging (4)
Scrolls
 s - 3 scrolls of identify
Potions
 b - a potion of magic
 d - 3 potions of might
 e - 7 potions of curing
 f - a potion of lignification
 g - a potion of cancellation
 j - a potion of enlightenment
 r - a potion of attraction
 t - a potion of haste
 x - a potion of heal wounds

Dungeon Overview and Level Annotations

Branches:
Dungeon (9/15)             Temple (1/1) D:4            Lair (2/5) D:9
  Swamp (0/4) Lair:2
  Snake: Lair:2-3    Spider: Lair:2-3       Orc: D:9-12

Altars:
Ashenzari
Cheibriados
Dithmenos
Elyvilon
Fedhas
Gozag
Hepliaklqana
Kikubaaqudgha
Makhleb
Nemelex Xobeh
Okawaru
Qazlal
Ru
Sif Muna
Trog
Uskayaw
Vehumet
Wu Jian
Xom
Yredelemnul
The Shining One

Portals:
Sewer: D:3

Annotations:
D:8 1 runed translucent door, qw's ghost, journeyman GrFi


Message History

Enter note:
Enter note:
Enter note: A bog body comes into view.
Found a staircase to the Swamp.
Enter note:
Enter note:
Enter note:
Enter note:
Enter note:
Enter note:
Enter note:
Enter note:
Enter note: The bog body casts a spell at you.
The bolt of cold hits you!
The electric eel shoots out a bolt of lightning at you!
The bolt of electricity hits you but does no damage.
The bog body points at you and mumbles some strange words.
The bolt of cold hits you but does no damage.
You hit the bog body.
The bog body is lightly damaged.
The bog body touches you! The bog body freezes you!!
10729 ||| INVOKING Heroism.
You gain the combat prowess of a mighty hero.
You block the bog body's attack.
The electric eel shoots out a bolt of lightning at you!
The bolt of electricity hits you but does no damage.
You resist.
You slash the bog body!
The bog body is moderately damaged.
You slice the bog body!!
The bog body is almost destroyed.
The bog body touches you. The bog body freezes you!!
10732 ||| READING scroll of teleportation.
As you read the scroll of teleportation, it crumbles to dust.
You feel strangely unstable.
The bog body points at you and mumbles some strange words.
The bolt of cold hits you!
You die...

#.......7~..~7...%......#
#......77~.7~77.%.......##
#......77~..~77.'#.###.#.#
#......77~..~77#.### #####
#P.....77~..~7 #.### #.
#####..77~.7~77#...### ..
##...77~..~77.#....#####
..
#P..<77~7.777#.#...#.#.#
..
#....777.@~77..........#
..
####....7¤n.~7..........##
..
........7¤¤¤S7...........#
..
#P#.....7¤¤¤¤7...........#
.. #
#P....777777...........##
##...<.7 7..##..#.P##.#
#..#..# ############## #..
..# P.. P##


You could see a bog body and an electric eel.

Vanquished Creatures
  Pikel (D:8)
  A bog body (Lair:2)
  2 black mambas
  3 cane toads
  2 komodo dragons
  4 blink frogs (Lair:1)
  Sigmund (D:4)
  27 yaks
  2 wyverns
  A basilisk (D:9)
  2 steam dragons (D:9)
  2 swamp worms (Lair:2)
  10 water moccasins
  5 black bears
  An ice beast (D:5)
  A sky beast (D:8)
  10 wolves
  2 centaurs
  A lemure (D:8)
  3 kobold brigands
  2 phantoms
  4 bullfrogs
  2 gnoll sergeants
  2 scorpions
  5 howler monkeys
  A hound (D:2)
  A jelly (D:6)
  3 gnoll boudas
  5 orc priests
  2 sleepcaps
  6 orc wizards
  15 gnolls
  8 adders
  4 shadow imps
  2 white imps
  2 ufetubi (D:5)
  A worm (D:2)
  A dart slug (D:4)
  27 orcs
  3 ball pythons
  7 bats
  4 endoplasms
  7 giant cockroaches
  8 goblins
  5 hobgoblins
  4 jackals (D:1)
  31 kobolds
  2 quokkas
  6 frilled lizards
  A hobgoblin zombie (D:4)
  6 rats
258 creatures vanquished.

Notes
Turn   | Place    | Note
-------+----------+-------------------------------------------
     0 | D:1      | qw the Gargoyle Fighter began the quest for the Orb.
     0 | D:1      | Reached XP level 1. HP: 14/14 MP: 1/1
     0 | D:1      | 0 ||| qw: Version: 0.3-a-9-g12657ce
     0 | D:1      | 0 ||| qw: Game counter: 1537
     0 | D:1      | 0 ||| qw: Always use a shield: true
     0 | D:1      | 0 ||| qw: God list: Okawaru
     0 | D:1      | 0 ||| qw: Allow faded altars: false
     0 | D:1      | 0 ||| qw: Do Orc after D:15 true
     0 | D:1      | 0 ||| qw: Do second Lair branch before Depths: true
     0 | D:1      | 0 ||| qw: Lair rune preference: random
     0 | D:1      | 0 ||| qw: Plans: Normal, Zot:1-4, Slime:5, God:TSO, Crypt,
                  | Tomb, Abyss, Pan, Hells, Win
     0 | D:1      | 0 ||| PLANNING D:1-11
   115 | D:1      | 115 ||| Stepping ~*~*~tactically~*~*~ (hiding).
   174 | D:1      | Reached XP level 2. HP: 19/19 MP: 2/2
   311 | D:1      | 311 ||| Stepping ~*~*~tactically~*~*~ (stealth).
   442 | D:1      | Reached skill level 3 in Axes
   486 | D:1      | Reached XP level 3. HP: 23/23 MP: 3/3
   920 | D:1      | 920 ||| UPGRADING to amulet of faith.
   925 | D:1      | 925 ||| READING scroll labelled MINATI NAEWIDA.
   926 | D:1      | 926 ||| READING scroll labelled BORHAONKUL.
   940 | D:1      | 940 ||| READING scroll labelled ZUXZEGAPHA.
  1415 | D:2      | 1415 ||| Stepping ~*~*~tactically~*~*~ (hiding).
  1542 | D:2      | Reached XP level 4. HP: 28/28 MP: 4/4
  1731 | D:2      | 1731 ||| Stepping ~*~*~tactically~*~*~ (stealth).
  1734 | D:2      | 1734 ||| Stepping ~*~*~tactically~*~*~ (stealth).
  1742 | D:2      | 1742 ||| Stepping ~*~*~tactically~*~*~ (stealth).
  1753 | D:2      | 1753 ||| Stepping ~*~*~tactically~*~*~ (stealth).
  1754 | D:2      | 1754 ||| Stepping ~*~*~tactically~*~*~ (stealth).
  1757 | D:2      | 1757 ||| Stepping ~*~*~tactically~*~*~ (stealth).
  1873 | D:2      | 1873 ||| UPGRADING to +0 pair of gloves.
  1878 | D:2      | 1878 ||| READING scroll labelled ZEYBBO AM BIAPE.
  1879 | D:2      | 1879 ||| READING scroll labelled HEMYRU FEKEARGH.
  1880 | D:2      | 1880 ||| READING scroll labelled LOFUER RENITA.
  1881 | D:2      | 1881 ||| DRINKING 2 viscous clear potions.
  1918 | D:3      | 1918 ||| PLANNING SEWER
  1932 | D:3      | Reached skill level 1 in Throwing
  1933 | D:3      | Reached XP level 5. HP: 26/32 MP: 5/5
  2012 | D:3      | Found a glowing drain.
  2044 | D:3      | 2044 ||| Stepping ~*~*~tactically~*~*~ (hiding).
  2045 | D:3      | 2045 ||| Stepping ~*~*~tactically~*~*~ (hiding).
  2048 | D:3      | 2048 ||| Stepping ~*~*~tactically~*~*~ (hiding).
  2069 | D:3      | 2069 ||| Stepping ~*~*~tactically~*~*~ (stealth).
  2213 | D:3      | Found a shimmering blue altar of Sif Muna.
  2213 | D:3      | Found a sacrificial altar of Ru.
  2259 | D:3      | 2259 ||| Stepping ~*~*~tactically~*~*~ (stealth).
  2352 | D:3      | 2352 ||| DROPPING +0 whip.
  2458 | D:3      | 2458 ||| RIP SEWER
  2458 | D:3      | 2458 ||| PLANNING D:1-11
  2458 | D:3      | 2458 ||| UPGRADING to +0 plate armour.
  2468 | D:3      | 2468 ||| DROPPING +0 scale mail.
  2469 | D:3      | 2469 ||| UPGRADING to +0 kite shield.
  2479 | D:3      | 2479 ||| DROPPING +0 buckler.
  2480 | D:3      | 2480 ||| READING scroll labelled SIPAW UMOPPUAL.
  2497 | D:4      | 2497 ||| PLANNING OSSUARY
  2512 | D:4      | Reached XP level 6. HP: 13/37 MP: 6/6
  2514 | D:4      | HP: 7/37 [quokka (3)]
  2523 | D:4      | HP: 6/37 [quokka (4)]
  2697 | D:4      | Noticed Sigmund
  2711 | D:4      | Killed Sigmund
  3070 | D:4      | Found a staircase to the Ecumenical Temple.
  3084 | D:4      | 3084 ||| Stepping ~*~*~tactically~*~*~ (hiding).
  3178 | D:4      | 3178 ||| RIP OSSUARY
  3180 | D:4      | 3180 ||| PLANNING TEMPLE
  3180 | D:4      | 3180 ||| READING scroll of enchant armour.
  3180 | D:4      | 3180 ||| ENCHANTING +0 pair of gloves.
  3181 | D:4      | 3181 ||| DROPPING ring of flight.
  3182 | D:4      | 3182 ||| UPGRADING to ring of protection from fire.
  3183 | D:4      | 3183 ||| READING scroll labelled DAEBLI XEIKK.
  3183 | D:4      | Identified a scroll of acquirement
  3183 | D:4      | 3183 ||| ACQUIRING +0 hat of Sudem {rPois rF+ SInv}
  3183 | D:4      | Acquired the +0 hat of Sudem {rPois rF+ SInv}
  3203 | Temple   | Entered the Ecumenical Temple
  3204 | Temple   | 3204 ||| PLANNING OKAWARU WORSHIP
  3209 | Temple   | Became a worshipper of Warmaster Okawaru
  3210 | Temple   | 3210 ||| PLANNING D:1-11
  3253 | D:4      | 3253 ||| Stepping ~*~*~tactically~*~*~ (hiding).
  3254 | D:4      | 3254 ||| Stepping ~*~*~tactically~*~*~ (hiding).
  3405 | D:4      | 3405 ||| DROPPING +0 flail.
  3555 | D:4      | 3555 ||| UPGRADING to +0 hat of Sudem {rPois rF+ SInv}.
  3722 | D:4      | 3722 ||| READING scroll labelled XYROS WOMI.
  3723 | D:4      | 3723 ||| READING scroll labelled FUKOGA IRYTAOT.
  3736 | D:5      | Entered Level 5 of the Dungeon
  3748 | D:5      | 3748 ||| Stepping ~*~*~tactically~*~*~ (hiding).
  3750 | D:5      | 3750 ||| Stepping ~*~*~tactically~*~*~ (hiding).
  3751 | D:5      | 3751 ||| Stepping ~*~*~tactically~*~*~ (hiding).
  3761 | D:5      | Reached XP level 7. HP: 42/42 MP: 7/7
  4070 | D:5      | 4070 ||| DROPPING +0 flail of venom.
  4238 | D:5      | Reached skill level 6 in Axes
  4383 | D:5      | Reached * piety under Okawaru
  4409 | D:5      | 4409 ||| Stepping ~*~*~tactically~*~*~ (hiding).
  4466 | D:5      | 4466 ||| Stepping ~*~*~tactically~*~*~ (stealth).
  4469 | D:5      | 4469 ||| INVOKING Heroism.
  4474 | D:5      | Reached skill level 6 in Shields
  4481 | D:5      | 4481 ||| INVOKING Heroism.
  4858 | D:5      | 4858 ||| UPGRADING to ring of resist corrosion.
  4859 | D:5      | 4859 ||| READING scroll labelled UPA YROTTI.
  4860 | D:5      | 4860 ||| READING scroll labelled TAIGGE EVOA.
  4899 | D:6      | 4899 ||| Stepping ~*~*~tactically~*~*~ (hiding).
  4926 | D:6      | Reached XP level 8. HP: 48/48 MP: 8/8
  4962 | D:6      | 4962 ||| INVOKING Heroism.
  5024 | D:6      | 5024 ||| READING scroll of enchant weapon.
  5024 | D:6      | 5024 ||| ENCHANTING +1 war axe.
  5129 | D:6      | 5129 ||| READING scroll of enchant armour.
  5129 | D:6      | 5129 ||| ENCHANTING +1 pair of gloves.
  5234 | D:6      | 5234 ||| Stepping ~*~*~tactically~*~*~ (hiding).
  5240 | D:6      | Reached skill level 1 in Invocations
  5389 | D:6      | 5389 ||| Stepping ~*~*~tactically~*~*~ (stealth).
  5404 | D:6      | 5404 ||| Stepping ~*~*~tactically~*~*~ (stealth).
  5406 | D:6      | 5406 ||| INVOKING Heroism.
  5426 | D:6      | 5426 ||| Stepping ~*~*~tactically~*~*~ (hiding).
  5427 | D:6      | 5427 ||| Stepping ~*~*~tactically~*~*~ (hiding).
  5428 | D:6      | 5428 ||| Stepping ~*~*~tactically~*~*~ (hiding).
  5753 | D:6      | 5753 ||| DRINKING 2 fizzy blue potions.
  5754 | D:6      | 5754 ||| DRINKING 2 bubbling silvery potions.
  5755 | D:6      | 5755 ||| DRINKING 2 pink potions.
  5756 | D:6      | 5756 ||| DROPPING potion of brilliance.
  5774 | D:7      | Found a broken altar of Ashenzari.
  5794 | D:7      | Found a shimmering altar of Xom.
  5796 | D:7      | Found a shadowy altar of Dithmenos.
  5869 | D:7      | Reached skill level 3 in Invocations
  5923 | D:7      | 5923 ||| INVOKING Heroism.
  6138 | D:7      | 6138 ||| INVOKING Heroism.
  6433 | D:7      | Found a blossoming altar of Fedhas.
  6579 | D:7      | Reached XP level 9. HP: 52/54 MP: 12/12
  6658 | D:7      | Reached ** piety under Okawaru
  6659 | D:7      | Reached skill level 1 in Dodging
  6850 | D:7      | 6850 ||| UPGRADING to +4 ring of protection.
  6852 | D:7      | 6852 ||| UPGRADING to ring of protection from fire.
  6854 | D:7      | 6854 ||| READING scroll labelled MUCLISI IRAS.
  6858 | D:7      | 6858 ||| DRINKING 2 dark potions.
  6882 | D:7      | 6882 ||| DRINKING 2 fuming puce potions.
  6883 | D:7      | 6883 ||| READING 2 scrolls of identify.
  6883 | D:7      | 6883 ||| IDENTIFYING white potion
  6884 | D:7      | 6884 ||| DROPPING potion of degeneration.
  7001 | D:8      | 7001 ||| INVOKING Heroism.
  7021 | D:8      | Found a runed translucent door.
  7021 | D:8      | Found a shimmering altar of Xom.
  7021 | D:8      | Noticed qw's ghost (journeyman GrFi)
  7022 | D:8      | Noticed a +2 dagger of chaos
  7035 | D:8      | 7035 ||| INVOKING Heroism.
  7257 | D:8      | Noticed Pikel
  7258 | D:8      | 7258 ||| INVOKING Heroism.
  7266 | D:8      | Killed Pikel
  7358 | D:8      | 7358 ||| Stepping ~*~*~tactically~*~*~ (stealth).
  7369 | D:8      | 7369 ||| INVOKING Heroism.
  7376 | D:8      | Reached *** piety under Okawaru
  7377 | D:8      | Reached skill level 6 in Fighting
  7635 | D:8      | Reached XP level 10. HP: 49/61 MP: 13/13
  7635 | D:8      | Reached **** piety under Okawaru
  7637 | D:8      | 7637 ||| INVOKING Heroism.
  7644 | D:8      | Reached skill level 9 in Axes
  7842 | D:8      | 7842 ||| Stepping ~*~*~tactically~*~*~ (hiding).
  8069 | D:8      | 8069 ||| UPGRADING to +1 pair of boots.
  8074 | D:8      | 8074 ||| READING 3 scrolls of identify.
  8074 | D:8      | 8074 ||| IDENTIFYING yellow potion
  8075 | D:8      | 8075 ||| READING 2 scrolls of identify.
  8075 | D:8      | 8075 ||| IDENTIFYING viscous grey potion
  8128 | D:9      | Found a staircase to the Lair.
  8132 | D:9      | Received a gift from Okawaru
  8139 | D:9      | 8139 ||| INVOKING Heroism.
  8145 | D:9      | Reached skill level 6 in Armour
  8153 | D:9      | Reached skill level 6 in Invocations
  8177 | D:9      | 8177 ||| INVOKING Heroism.
  8348 | D:9      | Found a sparkling altar of Nemelex Xobeh.
  8430 | D:9      | Found a glowing golden altar of the Shining One.
  8461 | D:9      | Found an ornate altar of the Wu Jian Council.
  8522 | D:9      | 8522 ||| INVOKING Heroism.
  8571 | D:9      | Reached skill level 9 in Shields
  8625 | D:9      | 8625 ||| Stepping ~*~*~tactically~*~*~ (stealth).
  8628 | D:9      | 8628 ||| Stepping ~*~*~tactically~*~*~ (hiding).
  8629 | D:9      | 8629 ||| Stepping ~*~*~tactically~*~*~ (hiding).
  8630 | D:9      | 8630 ||| Stepping ~*~*~tactically~*~*~ (hiding).
  8641 | D:9      | 8641 ||| Stepping ~*~*~tactically~*~*~ (stealth).
  8700 | D:9      | 8700 ||| Stepping ~*~*~tactically~*~*~ (stealth).
  8704 | D:9      | 8704 ||| Stepping ~*~*~tactically~*~*~ (stealth).
  8713 | D:9      | Reached ***** piety under Okawaru
  8717 | D:9      | 8717 ||| INVOKING Heroism.
  8721 | D:9      | Reached XP level 11. HP: 25/67 MP: 13/16
  8729 | D:9      | 8729 ||| Stepping ~*~*~tactically~*~*~ (stealth).
  8876 | D:9      | 8876 ||| Stepping ~*~*~tactically~*~*~ (stealth).
  9142 | D:9      | 9142 ||| PLANNING LAIR
  9142 | D:9      | 9142 ||| UPGRADING to +6 ring of strength.
  9144 | D:9      | 9144 ||| UPGRADING to +4 ring of protection.
  9146 | D:9      | 9146 ||| READING scroll labelled ERIBIKHL ONEGH.
  9147 | D:9      | 9147 ||| READING 2 scrolls of identify.
  9147 | D:9      | 9147 ||| IDENTIFYING amethyst potion
  9177 | Lair:1   | Entered Level 1 of the Lair of Beasts
  9181 | Lair:1   | 9181 ||| INVOKING Heroism.
  9216 | Lair:1   | Reached skill level 9 in Invocations
  9379 | Lair:1   | 9379 ||| Stepping ~*~*~tactically~*~*~ (stealth).
  9454 | Lair:1   | 9454 ||| Stepping ~*~*~tactically~*~*~ (stealth).
  9455 | Lair:1   | 9455 ||| Stepping ~*~*~tactically~*~*~ (stealth).
  9457 | Lair:1   | 9457 ||| Stepping ~*~*~tactically~*~*~ (stealth).
  9650 | Lair:1   | 9650 ||| INVOKING Heroism.
  9653 | Lair:1   | Identified the scarf "Qeunipon" {shadows, rN+ rCorr}
                  | (Okawaru gifted it to you on level 1 of the Lair of Beasts)
  9653 | Lair:1   | Received a gift from Okawaru
 10041 | Lair:1   | 10041 ||| UPGRADING to scarf "Qeunipon" {shadows, rN+
                  | rCorr}.
 10071 | Lair:2   | 10071 ||| STAIRDANCE
 10175 | Lair:2   | 10175 ||| INVOKING Heroism.
 10227 | Lair:2   | 10227 ||| INVOKING Heroism.
 10234 | Lair:2   | Reached skill level 3 in Throwing
 10297 | Lair:2   | 10297 ||| INVOKING Heroism.
 10359 | Lair:2   | 10359 ||| INVOKING Heroism.
 10467 | Lair:2   | 10467 ||| Stepping ~*~*~tactically~*~*~ (stealth).
 10469 | Lair:2   | 10469 ||| Stepping ~*~*~tactically~*~*~ (stealth).
 10472 | Lair:2   | 10472 ||| Stepping ~*~*~tactically~*~*~ (stealth).
 10475 | Lair:2   | 10475 ||| Stepping ~*~*~tactically~*~*~ (stealth).
 10490 | Lair:2   | 10490 ||| INVOKING Heroism.
 10636 | Lair:2   | 10636 ||| INVOKING Heroism.
 10640 | Lair:2   | Noticed a bog body
 10649 | Lair:2   | Killed a bog body
 10650 | Lair:2   | Reached XP level 12. HP: 52/73 MP: 17/19
 10725 | Lair:2   | Found a staircase to the Swamp.
 10729 | Lair:2   | 10729 ||| INVOKING Heroism.
 10731 | Lair:2   | HP: 13/73 [bog body (19)]
 10732 | Lair:2   | 10732 ||| READING scroll of teleportation.
 10732 | Lair:2   | Killed from afar by a bog body

Levels and vault maps discovered:
D:1:      reono_arrival_mine, layout_basic, serial_curves, eino_curves_02,
          eino_curves_02, eino_curves_03, eino_curves_02
D:2:      minmay_alternating_diamond, layout_loops_cross, minmay_small_reverse_x
D:3:      layout_basic, gammafunk_temple_overflow_elements, portal_sewer_entry_c
D:4:      layout_cave_pods, minmay_temple_entry_large_hall, enter_ossuary_3,
          kennysheep_potato, uniq_sigmund
D:5:      layout_layer_cave
D:6:      layout_basic, chequers_mini_garden
D:7:      kennysheep_kobold_camp, layout_gridville,
          chequers_temple_overflow_statue_of_worship, fedhas_altar_fruit_tree,
          nicolae_ashenzari_panopticon
D:8:      layout_gridville, ebering_ghost_xom, uniq_pikel
D:9:      layout_irregular_city, mainiacjoe_overflow_swirl,
          mainiacjoe_overflow_boulevard, minmay_lair_entry_grove, st_stairs_7
Temple:   nicolae_temple_no_exploring_needed
Lair:1:   layout_regular_city, st_stairs_8
Lair:2:   layout_roguey, nicolae_swamp_entry_splash_gauntlet, minivault_27

Skill      XL: |  1  2  3  4  5  6  7  8  9 10 11 |
---------------+----------------------------------+-----
Axes           | 2 3 4 5 6 7 8 9 10 | 10.7
Throwing       | 1 2 3 |  3.0
Shields        | 5 6 8 9 |  9.0
Fighting       | 4 5 6 7 8 |  8.0
Armour         | 4 5 6 7 |  7.0
Invocations    | 4 7 10 | 10.0
Dodging        | 1 |  1.2

Action                     |  1- 3 |  4- 6 |  7- 9 | 10-12 || total
---------------------------+-------+-------+-------+-------++-------
  Melee: War axe           |    94 |   143 |   239 |   293 ||   769
  Throw: Javelin           |       |    36 |    51 |    33 ||   120
         Boomerang         |       |       |       |     5 ||     5
 Invoke: Heroism           |       |       |    10 |    14 ||    24
    Use: Scroll            |     3 |     8 |     6 |     5 ||    22
         Potion            |       |     1 |     5 |       ||     6
 Armour: Scale mail        |    42 |    44 |       |       ||    86
         Plate armour      |       |    43 |   150 |   233 ||   426
  Dodge: Dodged            |    43 |    48 |    47 |   109 ||   247
  Block: Buckler           |    15 |    17 |       |       ||    32
         Kite shield       |       |    25 |   134 |   232 ||   391

Table legend:
 A = Non-vault XP
 B = Vault XP
 C = Vault XP percentage of total XP
 D = Non-vault monster count
 E = Vault monster count
 F = Vault count percentage of total count
                 A         B        C        D         E       F
            +---------+---------+-------+---------+---------+-------
      Total |   14962 |    3933 |  20.8 |     206 |      51 |  19.8
            +---------+---------+-------+---------+---------+-------
        D:1 |      41 |       0 |   0.0 |      26 |       0 |   0.0
        D:2 |      12 |      67 |  84.8 |       7 |       9 |  56.2
        D:3 |     151 |       0 |   0.0 |      24 |       0 |   0.0
        D:4 |      96 |     229 |  70.5 |      16 |       3 |  15.8
        D:5 |     540 |       0 |   0.0 |      21 |       0 |   0.0
        D:6 |     407 |       0 |   0.0 |      10 |       0 |   0.0
        D:7 |     958 |     132 |  12.1 |      13 |      21 |  61.8
        D:8 |    2758 |     629 |  18.6 |      31 |       1 |   3.1
        D:9 |    2151 |    1843 |  46.1 |      24 |      13 |  35.1
     Lair:1 |    4629 |      93 |   2.0 |      22 |       1 |   4.3
     Lair:2 |    3219 |     940 |  22.6 |      12 |       3 |  20.0
            +---------+---------+-------+---------+---------+-------
